 Dungeon Crawl Stone Soup version 0.27-a0-828-g8289197e94 (webtiles) character file.

Game seed: 13669942872613412147

217913 GEC the Demonic Aeon (level 18, -5/136 HPs)
             Began as a Demonspawn Ice Elementalist on Mar 30, 2021.
             Was the Champion of Cheibriados.
             Slain by Arachne
             ... wielding a staff of poison
              (27 damage)
             ... on level 4 of the Spider Nest on Mar 31, 2021.
             The game lasted 02:48:41 (44643 turns).

GEC the Demonic Aeon (Demonspawn Ice Elementalist) Turns: 44643, Time: 02:48:41

Health: -5/136     AC: 37    Str: 26    XL:     18   Next: 77%
Magic:  33/33      EV:  8    Int: 41    God:    Cheibriados [******]
Gold:   2465       SH: 13    Dex: 35    Spells: 1/29 levels left

rFire    . . .     SeeInvis +   E - +4 scimitar (flame)
rCold    . . .     Faith    .   b - +0 buckler
rNeg     . . .     Spirit   .   m - +6 crystal plate armour of Wyzuseux {*Contam Will+ Regen+ Dex+5}
rPois    .         Reflect  +   (helmet unavailable)
rElec    .         Harm     .   C - +2 cloak
rCorr    .         Rampage  .   c - +1 pair of gloves
Will     ++++.                  (boots unavailable)
Stlth    ..........             q - amulet of reflection
HPRegen  1.32/turn              T - ring of the Cuttlefish {AC+4 Int+5}
MPRegen  0.23/turn              S - ring of wizardry

@: mighty, very slightly contaminated, studying 2 skills, very slow
A: antennae 3, claws 1, talons 3, foul stench 2, powered by pain 2,
strong-willed 2, wild magic 1
a: Renounce Religion, Bend Time, Temporal Distortion, Slouch, Step From Time


You were on level 4 of the Spider Nest.
You worshipped Cheibriados.
Cheibriados was exalted by your worship.
You visited 5 branches of the dungeon, and saw 30 of its levels.
You also visited: Ossuary, Bailey and Ice Cave.

You collected 4394 gold pieces.
You spent 1929 gold pieces at shops.

Inventory:

Hand Weapons
 p - a +4 short sword of draining
 E - a +4 scimitar of flaming (weapon)
Armour
 b - a +0 buckler (worn)
 c - a +1 pair of gloves (worn)
 m - the +6 crystal plate armour of Wyzuseux (worn) {*Contam Will+ Regen+ Dex+5}
   (You acquired it on level 14 of the Dungeon)

   It affects your dexterity (+5).
   It causes magical contamination when unequipped.
   It increases your rate of health regeneration.
   It increases your willpower.
 C - a +2 cloak (worn)
Jewellery
 e - a ring of protection from cold
 k - the ring of the Everdark {rN+ Int+4 Dex+2 Stlth+}
   (You found it in an ice cave)

   [ring of positive energy]

   It affects your intelligence (+4).
   It affects your dexterity (+2).
   It protects you from negative energy.
   It makes you more stealthy.
 q - an amulet of reflection (around neck)
 z - a ring of protection from fire
 Q - a +6 ring of intelligence
 S - a ring of wizardry (right hand)
 T - the ring of the Cuttlefish (left hand) {AC+4 Int+5}
   (You bought it in a shop on level 1 of the Dungeon)

   [ring of protection]

   It affects your AC (+4).
   It affects your intelligence (+5).
Wands
 i - a wand of charming (33)
 r - a wand of digging (5)
 s - a wand of acid (10)
 y - a wand of mindburst (32)
 D - a wand of iceblast (28)
 K - a wand of flame (19)
 U - a wand of polymorph (11)
Scrolls
 d - 6 scrolls of magic mapping
 f - 6 scrolls of immolation
 g - 10 scrolls of blinking
 j - 13 scrolls of teleportation
 x - 10 scrolls of amnesia
 B - 3 scrolls of enchant weapon
 F - 4 scrolls of enchant armour
 I - 3 scrolls of silence
 J - a scroll of fog
 N - 7 scrolls of identify
 P - 2 scrolls of fear
Potions
 a - 4 potions of might
 h - 11 potions of brilliance
 l - 7 potions of curing
 n - 7 potions of flight
 o - 2 potions of magic
 u - 8 potions of mutation
 v - a potion of resistance
 w - 4 potions of invisibility
 H - 7 potions of attraction
 L - a potion of heal wounds
 R - 2 potions of ambrosia
Miscellaneous
 t - a lightning rod (4/4)
 G - a phantom mirror
 M - a condenser vane (inert)
 O - a box of beasts (inert)


   Skills:
 + Level 10.9 Fighting
 - Level 9.3 Long Blades
 + Level 11.3 Armour
 - Level 2.9 Dodging
 - Level 1.7 Stealth
 - Level 4.0 Shields
 - Level 6.4 Spellcasting
 - Level 7.7 Conjurations
 * Level 17.1 Ice Magic
 - Level 5.1 Air Magic
 + Level 22.0 Invocations
 - Level 4.0 Evocations


You had one spell level left.
You knew the following spells:

 Your Spells              Type           Power      Damage    Failure   Level
a - Freeze                Ice            100%       1d11      1%          1
b - Frozen Ramparts       Ice            100%       1d12      1%          3
c - Hailstorm             Conj/Ice       99%        3d19      3%          4
d - Summon Ice Beast      Ice/Summ       83%        N/A       13%         4
e - Ozocubu's Armour      Ice            100%       N/A       1%          3
f - Freezing Cloud        Conj/Ice/Air   44%        6-21      65%         6
g - Ozocubu's Refrigerat  Ice            58%        4d16      30%         7

Your spell library contained the following spells:

 Spells                   Type           Power      Damage    Failure   Level
 Magic Dart               Conj           100%       1d8       2%          1
 Animate Skeleton         Necr           34%        N/A       38%         1
 Apportation              Tloc           34%        N/A       38%         1
 Beastly Appendage        Tmut           34%        N/A       38%         1
 Corona                   Hex            18%        N/A       38%         1
 Pain                     Necr           68%        1d7       38%         1
 Summon Small Mammal      Summ           68%        N/A       38%         1
 Ice Form                 Ice/Tmut       83%        N/A       13%         4
 Poisonous Vapours        Pois/Air       88%        N/A       21%         2
 Mephitic Cloud           Conj/Pois/Air  58%        N/A       21%         3
 Conjure Flame            Conj/Fire      55%        6-21      26%         3
 Metabolic Englaciation   Hex/Ice        41%        N/A       32%         5
 Blink                    Tloc           N/A        N/A       50%         2
 Call Imp                 Summ           17%        N/A       50%         2
 Slow                     Hex            17%        N/A       50%         2
 Wereblood                Tmut           17%        N/A       50%         2
 Confusing Touch          Hex            17%        N/A       71%         3
 Gell's Gravitas          Tloc           8%         N/A       71%         3
 Spider Form              Tmut/Pois      8%         N/A       71%         3
 Vampiric Draining        Necr           8%         2d7       71%         3
 Simulacrum               Ice/Necr       41%        N/A       83%         6
 Silence                  Hex/Air        22%        N/A       96%         5
 Animate Dead             Necr           8%         N/A       97%         4
 Cause Fear               Hex            8%         N/A       97%         4
 Petrify                  Tmut/Erth      17%        N/A       97%         4
 Agony                    Necr           17%        N/A       100%        5
 Borgnjor's Vile Clutch   Necr/Erth      8%         N/A       100%        5
 Hydra Form               Tmut           8%         N/A       100%        5
 Yara's Violent Unravell  Hex/Tmut       8%         3d5       100%        5
 Death Channel            Necr           8%         N/A       100%        6
 Discord                  Hex            8%         N/A       100%        8


Dungeon Overview and Level Annotations

Branches:
Dungeon (15/15)            Temple (0/1) D:6            Lair (6/6) D:9
  Swamp (3/4) Lair:3       Spider (4/4) Lair:2        Slime (0/5) Lair:6
    Orc (2/2) D:9             Elf (0/3) Orc:2        Vaults (0/5) D:13
 Depths (0/5) D:15        Ossuary (visited)          Bailey (visited)
  IceCv (visited)

Altars:
Ashenzari
Cheibriados
Elyvilon
Fedhas
Hepliaklqana
Makhleb
Qazlal
Sif Muna
Trog
The Shining One
Beogh

Shops:
D:1 =   D:9 (   D:12 (:*   Orc:2 (?=*

Annotations:
Swamp:1 Roxanne
Spider:4 Arachne


Innate Abilities, Weirdness & Mutations

You have a pair of large antennae on your head. (SInv)
You have sharp fingernails.
You have claws for feet.
You sometimes emit foul miasma when damaged in melee.
You sometimes gain power by taking damage.
You are highly strong-willed. (Will++)
Your spells are a little harder to cast, but a little more powerful.


Message History

You feel very sick.
The wall freezes Arachne.
Arachne completely misses you.
Unknown command.
Unknown command.
Okay, then.
Unknown command.
Okay, then.
Unknown command.
The frozen ramparts melt away as you move.
You warp the flow of time around you!
Unknown command.
Casting: Frozen Ramparts (safe; 1% risk of failure)
Confirm with . or Enter, or press ? or * to list all spells.
Casting: Hailstorm (mildly dangerous; 3% risk of failure)
Press: ? - help, Dir - look around, f - activate A cannonade of hail descends around you!
The hail pelts Arachne!!
Arachne is severely wounded.
You feel sick. Arachne casts a spell at you. The poison arrow hits you.
You are more poisoned.
Unknown command.
Unknown command.
Casting: Hailstorm (mildly dangerous; 3% risk of failure)
Confirm with . or Enter, or press ? or * to list all spells.
Casting: Hailstorm (mildly dangerous; 3% risk of failure)
Press: ? - help, Dir - look around, f - activate A cannonade of hail descends around you!
The hail pelts Arachne!!
Arachne is almost dead.
You feel very sick.
Arachne stares at you and mumbles some strange words.
The poison arrow hits you!!
You are more poisoned.
* * * LOW HITPOINT WARNING * * *
You focus on the pain.
You feel your power returning.
Unknown command.
You feel better. Arachne hits you but does no damage. Arachne envenoms you!!
You die...

#.^.^##....###.^## #.##
#..###....####...## #.# {{
##.^##....#.......## #.# #...
#...##....#..<.....# #.# ##....
#..#####....^^###..## #.# ...^#
#....^.##..^.##.....###.##^..##
#.....^.##.###...^^.(#...#....#.
##..##...### ##.H^..^....+*s....
#####.^....# ##.@....†...+...^..
#^.#......^###..†###.#...+.....^
#..##)....##.##..#.###...#^...#^
#..^##.#^.^...#..†..###.## .{##
#....###......###^..# #.# ..#
#..#...##.#^..# ##..###.# ...
#..#....###..†# #.†#.#.# .s
#.####...###.†# ##^..|.# .
###..)...#....# #......##


You could see Arachne.

Vanquished Creatures
  2 tentacled monstrosities (Swamp:2)
  Kirke (Swamp:1)
  2 fenstrider witches (Swamp:1)
  4 ghost moths
  An orc warlord (Orc:1)
  2 ghouls (Swamp:2)
  4 emperor scorpions
  A bunyip (Swamp:2)
  10 entropy weavers
  A dire elephant (D:15)
  A blizzard demon (IceCv)
  An eleionoma (Swamp:1)
  4 fire dragons (Swamp:3)
  Snorg (D:11)
  3 boulder beetles
  16 hydras
  8 vault guards (D:13)
  2 ghost crabs (Swamp:2)
  A centaur warrior (D:15)
  An ice dragon (Lair:6)
  A catoblepas (Lair:4)
  Erolcha (D:9)
  9 two-headed ogres
  Erica (D:10)
  2 death knights
  2 alligators (Swamp:1)
  A tengu warrior (D:14)
  Urug (D:11)
  An orc high priest (Orc:2)
  Sonja (D:10)
  Nergalle (D:11)
  A skeletal warrior (D:14)
  2 goliath frogs (Swamp:2)
  7 bog bodies (Swamp:2)
  2 swamp dragons
  A necromancer (Spider:3)
  4 orc knights
  6 lindwurms (Swamp:3)
  A deep elf pyromancer (D:15)
  8 wolf spider zombies (Spider:3)
  4 oklob plants
  17 orb spiders
  6 orc sorcerers
  35 wolf spiders
  17 ugly things
  4 manticores
  A salamander (D:15)
  9 cyclopes
  6 elephants (Lair:6)
  A guardian serpent (shapeshifter) (D:13)
  2 gargoyles (D:10)
  3 ice statues
  A black mamba (Lair:2)
  2 torpor snails
  10 cane toads
  3 rime drakes
  4 unseen horrors
  2 kobold demonologists
  12 komodo dragons
  5 freezing wraiths
  A nameless horror (Orc:2)
  A tengu conjurer (D:14)
  6 ice devils (IceCv)
  22 demonic crawlers
  7 redback zombies (Spider:3)
  45 jumping spiders
  5 anaconda simulacra (IceCv)
  A meliai (shapeshifter) (D:15)
  8 tyrant leeches
  A troll (D:15)
  13 hornets
  3 meliai (D:13)
  12 slime creatures
  9 tarantella zombies (Spider:3)
  5 polar bears
  2 dream sheep (Lair:6)
  28 blink frogs
  4 shadows
  102 redbacks
  17 tarantellas
  3 water elementals (D:15)
  15 spriggans
  3 wyverns
  A fire elemental (Lair:2)
  2 dire elephant simulacra (IceCv)
  2 steam dragons
  A vampire (D:13)
  35 yaks
  6 wraiths
  9 basilisks
  6 hogs (Swamp:1)
  7 vampire mosquitoes
  4 wargs
  An iron troll simulacrum (IceCv)
  7 harpy simulacra (IceCv)
  A two-headed ogre zombie (D:10)
  9 swamp worms
  3 hydra simulacra (IceCv)
  22 water moccasins
  An ice beast (D:7)
  A black bear (shapeshifter) (D:13)
  An ettin simulacrum (IceCv)
  4 sky beasts
  7 black bears
  42 orc warriors
  A necrophage (Swamp:2)
  18 ogres
  An alligator simulacrum (IceCv)
  5 centaurs
  4 boggarts (Lair:6)
  28 wolves
  3 kobold brigands
  A phantom (D:5)
  15 bullfrogs
  12 scorpions
  An elephant simulacrum (IceCv)
  3 electric eels (Lair:2)
  A vampire bat (D:3)
  6 wights
  4 howler monkeys
  2 lava snakes (Lair:2)
  10 centaur zombies
  5 draconian simulacra (IceCv)
  3 human zombies (Ossuary)
  3 hounds
  A jelly (D:5)
  A gnoll shaman (D:8)
  24 orc priests
  A bullfrog zombie (D:5)
  3 iguanas
  35 orc wizards
  Terence (D:3)
  5 scorpion zombies
  2 troll simulacra (IceCv)
  A wolf simulacrum (IceCv)
  A centaur simulacrum (IceCv)
  2 hound skeletons
  4 mummies
  Robin (D:3)
  5 gnolls (D:8)
  8 adders
  2 naga simulacra (IceCv)
  An ogre simulacrum (IceCv)
  A shadow imp (D:5)
  11 white imps
  8 ufetubi (IceCv)
  A worm (D:2)
  3 dart slugs
  14 fire bats
  93 orcs
  A spectral bat (D:3)
  11 bats
  2 bat skeletons (D:3)
  A bat zombie (D:3)
  6 endoplasms
  3 giant cockroaches
  3 gnoll zombies (Ossuary)
  12 goblins
  8 hobgoblins
  A quokka (D:3)
  3 ball pythons
  A bat simulacrum (D:3)
  2 frilled lizards (D:3)
  A goblin skeleton (D:8)
  2 goblin zombies (Ossuary)
  6 hobgoblin zombies
  16 kobolds
  2 kobold skeletons (D:8)
  3 kobold zombies
  2 orc skeletons (D:8)
  3 orc zombies
  5 rats
  2 butterflies (Lair:6)
  A fire vortex (Lair:2)
1200 creatures vanquished.

Vanquished Creatures (collateral kills)
  A fire dragon (D:9)
  2 oklob plants (Lair:5)
  A komodo dragon (Lair:1)
  Psyche (D:8)
  2 water moccasins (D:9)
  3 orc warriors (Bailey)
  3 ogres (D:10)
  2 wights (D:8)
  3 orcs
18 creatures vanquished.

Vanquished Creatures (others)
  A blizzard demon (IceCv)
  A bog body (Swamp:2)
  A bloated husk (Swamp:2)
  2 scorpions (Ossuary)
  An orc wizard (Orc:2)
  A white imp (IceCv)
  A spectral bat (D:3)
  A bat skeleton (D:3)
  A bush (Lair:5)
  62 fungi
  112 plants
  35 withered plants (Swamp:2)
219 creatures vanquished.

Grand Total: 1437 creatures vanquished

Notes
Turn   | Place    | Note
-------+----------+-------------------------------------------
     0 | D:1      | GEC the Demonspawn Ice Elementalist began the quest for the
                  | Orb.
     0 | D:1      | Reached XP level 1. HP: 13/13 MP: 3/3
   356 | D:1      | Found Rextu's Jewellery Emporium.
   360 | D:1      | Gained mutation: You have sharp toenails. [demonic
                  | ancestry]
   360 | D:1      | Reached XP level 2. HP: 19/19 MP: 3/5
   850 | D:2      | Noticed a scorpion
   957 | D:2      | Reached XP level 3. HP: 24/24 MP: 3/6
  1412 | D:2      | Killed a scorpion
  1413 | D:2      | Reached XP level 4. HP: 22/30 MP: 0/7
  1439 | D:2      | Reached skill level 5 in Ice Magic
  1739 | D:2      | Found a stormy altar of Qazlal.
  1739 | D:2      | Found a snail-covered altar of Cheibriados.
  1765 | D:2      | Became a worshipper of Cheibriados the Contemplative
  2321 | D:3      | Noticed Robin
  2360 | D:2      | Learned a level 3 spell: Frozen Ramparts
  2923 | D:3      | Reached skill level 1 in Invocations
  3082 | D:3      | Gained mutation: You have razor-sharp toenails. [demonic
                  | ancestry]
  3082 | D:3      | Reached XP level 5. HP: 30/35 MP: 5/8
  3299 | D:3      | Reached * piety under Cheibriados
  3563 | D:3      | Noticed Terence
  3571 | D:3      | Killed Terence
  3572 | D:3      | Reached skill level 2 in Invocations
  3575 | D:3      | Reached skill level 1 in Shields
  3646 | D:3      | Reached XP level 6. HP: 40/41 MP: 1/9
  3661 | D:3      | Reached ** piety under Cheibriados
  3664 | D:3      | Reached skill level 3 in Invocations
  4385 | D:3      | Killed Robin
  4386 | D:3      | Reached skill level 4 in Invocations
  4692 | D:4      | Reached skill level 1 in Conjurations
  4891 | D:5      | Entered Level 5 of the Dungeon
  4917 | D:5      | Noticed a sky beast
  4932 | D:5      | Reached *** piety under Cheibriados
  4946 | D:5      | Gained mutation: You have a pair of small antennae on your
                  | head. [demonic ancestry]
  4946 | D:5      | Reached XP level 7. HP: 46/46 MP: 4/10
  5207 | D:5      | Reached skill level 5 in Invocations
  5260 | D:5      | Found a sand-covered staircase.
  5270 | Ossuary  | Entered an ossuary
  5350 | Ossuary  | Learned a level 4 spell: Hailstorm
  5733 | Ossuary  | Reached skill level 6 in Invocations
  5733 | Ossuary  | Gained mutation: You have a pair of antennae on your head.
                  | [demonic ancestry]
  5733 | Ossuary  | Reached XP level 8. HP: 44/52 MP: 8/12
  6314 | Ossuary  | Reached **** piety under Cheibriados
  6513 | Ossuary  | Reached skill level 7 in Invocations
  7311 | D:5      | Reached skill level 1 in Fighting
  7642 | D:6      | Found a broken altar of Ashenzari.
  8035 | D:6      | Found a staircase to the Ecumenical Temple.
  8189 | D:6      | Gained mutation: You may rarely emit foul miasma when
                  | damaged in melee. [demonic ancestry]
  8189 | D:6      | Reached XP level 9. HP: 61/61 MP: 10/14
  8292 | D:6      | Found a bloodstained altar of Trog.
  8484 | D:7      | Reached skill level 8 in Invocations
  9017 | D:7      | Reached ***** piety under Cheibriados
  9395 | D:7      | Found a hazy altar of Hepliaklqana.
  9701 | D:7      | Learned a level 4 spell: Summon Ice Beast
  9737 | D:8      | Noticed a two-headed ogre
  9743 | D:8      | Killed a two-headed ogre
  9744 | D:8      | Reached skill level 9 in Invocations
  9751 | D:8      | HP: 2/64 [steam dragon/ball of steam (15)]
 10425 | D:8      | Reached skill level 10 in Invocations
 10520 | D:8      | Reached XP level 10. HP: 70/70 MP: 12/17
 10703 | D:8      | Noticed Psyche
 10706 | D:8      | Killed Psyche
 10707 | D:8      | Reached skill level 1 in Armour
 11088 | D:8      | Found a blossoming altar of Fedhas.
 11091 | D:8      | Noticed an oklob plant
 11148 | D:9      | Found Xamog's Antique Weapon Emporium.
 11275 | D:9      | Found a staircase to the Lair.
 11378 | D:9      | Found a flagged portal.
 11393 | D:9      | Identified the +5 halberd "Remisusi" {holy, Str+2 Dex+2}
 11396 | Bailey   | Entered a bailey
 11926 | Bailey   | Reached skill level 11 in Invocations
 12641 | Bailey   | Noticed an orc knight
 12647 | Bailey   | Killed an orc knight
 12654 | Bailey   | Identified the +8 executioner's axe of Ambiguity {protect,
                  | Str+3}
 13094 | D:9      | Reached skill level 10 in Ice Magic
 13507 | D:9      | Noticed Erolcha
 13514 | D:9      | Killed Erolcha
 13515 | D:9      | Gained mutation: You sometimes emit foul miasma when
                  | damaged in melee. [demonic ancestry]
 13515 | D:9      | Reached XP level 11. HP: 75/75 MP: 7/19
 13604 | D:9      | Reached skill level 12 in Invocations
 13615 | D:9      | Reached ****** piety under Cheibriados
 13638 | D:9      | Found a staircase to the Orcish Mines.
 13672 | D:9      | Gained mutation: Your spells are a little harder to cast,
                  | but a little more powerful. [potion of mutation]
 13672 | D:9      | Gained mutation: You have claws for feet. [potion of
                  | mutation]
 13672 | D:9      | Gained mutation: You are strong-willed. (Will+) [potion of
                  | mutation]
 14150 | D:9      | Found a shimmering blue altar of Sif Muna.
 14301 | D:9      | Noticed a fire dragon
 14381 | D:10     | Entered Level 10 of the Dungeon
 14519 | D:10     | Noticed Sonja
 14523 | D:10     | Killed Sonja
 14641 | D:10     | Noticed Erica
 14651 | D:10     | Killed Erica
 15193 | D:10     | Reached skill level 1 in Long Blades
 15273 | D:10     | Noticed a two-headed ogre
 15273 | D:10     | Noticed a two-headed ogre
 15275 | D:10     | Noticed a two-headed ogre
 15277 | D:10     | Reached skill level 5 in Fighting
 15277 | D:10     | Reached skill level 13 in Invocations
 15281 | D:10     | Killed a two-headed ogre
 15282 | D:10     | Killed a two-headed ogre
 15289 | D:10     | Killed a two-headed ogre
 15293 | D:10     | Noticed a two-headed ogre
 15302 | D:10     | Killed a two-headed ogre
 15303 | D:10     | Mutation became permanent: You have razor-sharp toenails.
                  | [demonic ancestry]
 15303 | D:10     | Gained mutation: You have claws for feet. [demonic
                  | ancestry]
 15303 | D:10     | Reached XP level 12. HP: 68/88 MP: 0/22
 15330 | D:10     | Noticed a two-headed ogre
 15345 | D:10     | Killed a two-headed ogre
 15457 | D:10     | Noticed a two-headed ogre
 15465 | D:10     | Killed a two-headed ogre
 15466 | D:10     | Reached skill level 14 in Invocations
 15735 | Lair:1   | Entered Level 1 of the Lair of Beasts
 16367 | Lair:1   | Noticed a five-headed hydra
 16373 | Lair:1   | Killed a five-headed hydra
 16651 | Lair:1   | Learned a level 3 spell: Ozocubu's Armour
 16743 | Lair:1   | You fall into a shaft and drop 1 floor!
 17476 | Lair:2   | Found a hole to the Spider Nest.
 17477 | Lair:2   | Reached skill level 15 in Invocations
 18317 | Lair:2   | Reached XP level 13. HP: 92/98 MP: 13/24
 18656 | Lair:2   | You fall into a shaft and drop 2 floors!
 18707 | Lair:3   | Found a staircase to the Swamp.
 19085 | Lair:2   | Reached skill level 5 in Long Blades
 19583 | Lair:3   | Gained mutation: You have sharp fingernails. [demonic
                  | ancestry]
 19583 | Lair:3   | Reached XP level 14. HP: 105/105 MP: 25/25
 20277 | Lair:4   | Reached skill level 16 in Invocations
 21011 | Lair:4   | Learned a level 6 spell: Freezing Cloud
 21258 | Lair:5   | Reached skill level 5 in Conjurations
 21734 | Lair:5   | Reached skill level 1 in Air Magic
 22588 | Lair:6   | Entered Level 6 of the Lair of Beasts
 22822 | Lair:6   | Reached skill level 17 in Invocations
 23552 | Lair:6   | Gained mutation: You sometimes gain a little power by
                  | taking damage. [demonic ancestry]
 23552 | Lair:6   | Reached XP level 15. HP: 105/110 MP: 14/27
 24457 | Lair:6   | Found a staircase to the Slime Pits.
 25800 | D:11     | Noticed Snorg
 25815 | D:11     | Killed Snorg
 25916 | D:11     | Noticed Urug
 25924 | D:11     | Killed Urug
 25989 | D:11     | Noticed Nergalle
 25994 | D:11     | Killed Nergalle
 26919 | D:12     | Found Nipnur's Antique Weapon Shoppe.
 27153 | D:12     | Found a burning altar of Makhleb.
 27337 | D:12     | Found Sokexec's Book Shop.
 27347 | D:12     | Bought a book of Ice for 1040 gold pieces
 27431 | D:12     | Found Cykhijui's Assorted Antiques.
 27435 | D:12     | Bought a scroll of identify for 54 gold pieces
 27478 | D:12     | Reached skill level 18 in Invocations
 28058 | D:13     | Reached skill level 5 in Spellcasting
 28325 | D:13     | Found a gate to the Vaults.
 28914 | D:13     | Reached skill level 5 in Air Magic
 29381 | D:14     | Identified a scroll of acquirement
 29382 | D:14     | Acquired the +6 crystal plate armour of Wyzuseux {*Contam
                  | Will+ Regen+ Dex+5}
 29956 | D:14     | Reached skill level 19 in Invocations
 30146 | D:15     | Entered Level 15 of the Dungeon
 30222 | D:15     | Reached XP level 16. HP: 88/117 MP: 3/29
 30847 | D:15     | Found a staircase to the Depths.
 31385 | Orc:1    | Entered Level 1 of the Orcish Mines
 32033 | Orc:2    | Entered Level 2 of the Orcish Mines
 32412 | Orc:2    | Reached skill level 20 in Invocations
 32575 | Orc:2    | Found Tecoif's Jewellery Shoppe.
 32575 | Orc:2    | Found Vufie's Weapon Emporium.
 32584 | Orc:2    | Found Fiaph's Magic Scroll Emporium.
 32588 | Orc:2    | Found Lozyguleer's Assorted Antiques.
 32744 | Orc:2    | Found a staircase to the Elven Halls.
 33176 | Orc:1    | Found a bloodstained altar of Trog.
 33569 | Spider:1 | Entered Level 1 of the Spider Nest
 34633 | Spider:2 | Found a frozen archway.
 35013 | IceCv    | Entered an ice cave
 35603 | IceCv    | Reached skill level 21 in Invocations
 35920 | IceCv    | Identified the ring of the Everdark {rN+ Int+4 Dex+2
                  | Stlth+}
 36016 | Spider:2 | Gained mutation: You sometimes gain power by taking damage.
                  | [demonic ancestry]
 36016 | Spider:2 | Reached XP level 17. HP: 114/122 MP: 13/31
 36334 | Spider:2 | Reached skill level 15 in Ice Magic
 36669 | Spider:2 | Learned a level 7 spell: Ozocubu's Refrigeration
 37713 | D:1      | Bought a ring of wizardry for 300 gold pieces
 37715 | D:1      | Bought the ring of the Cuttlefish {AC+4 Int+5} for 535 gold
                  | pieces
 38765 | Spider:3 | Reached skill level 1 in Evocations
 39074 | Spider:3 | Reached skill level 10 in Armour
 39456 | Swamp:1  | Entered Level 1 of the Swamp
 39494 | Swamp:1  | Identified the +8 dagger of Suzum {protect, *Drain +Fly
                  | Int-4 Dex+9}
 39768 | Swamp:1  | Identified Roxanne's Papyrus of Shape Shifting
 39768 | Swamp:1  | Noticed Roxanne
 39930 | Swamp:1  | Noticed Kirke
 39940 | Swamp:1  | Killed Kirke
 40499 | Swamp:2  | Noticed a tentacled monstrosity
 40515 | Swamp:2  | Killed a tentacled monstrosity
 40671 | Swamp:2  | Gained mutation: You have a pair of large antennae on your
                  | head. (SInv) [demonic ancestry]
 40671 | Swamp:2  | Reached XP level 18. HP: 55/131 MP: 29/32
 41415 | Swamp:2  | Noticed a tentacled monstrosity
 41427 | Swamp:2  | Killed a tentacled monstrosity
 42218 | Swamp:3  | Acquired 291 gold pieces
 42763 | Spider:4 | Entered Level 4 of the Spider Nest
 43128 | Spider:4 | Reached skill level 10 in Fighting
 44332 | Spider:4 | Gained mutation: You are highly strong-willed. (Will++)
                  | [mutagenic glow]
 44349 | Spider:4 | Reached skill level 22 in Invocations
 44554 | Spider:4 | Noticed Arachne
 44643 | Spider:4 | Slain by Arachne

Illustrated notes

Levels and vault maps discovered:
D:1:      dpeg_arrival_pond, layout_rooms, serial_shops,
          nicolae_shop_temple_entry_statues_fountains
D:2:      wander_river, layout_basic,
          chequers_temple_overflow_statue_of_worship, due_unseen_surprise
D:3:      layout_basic, minmay_misc_feat_diagonals, minivault_5, goddamned_bats,
          uniq_terence, uniq_robin
D:4:      layout_loops_ring
D:5:      layout_loops_cross, nicolae_ossuary_entry_giza
D:6:      layout_loops_corners, lemuel_round_altar, lemuel_crystal_altar,
          minmay_temple_entry_statues_pillars
D:7:      layout_loops_cross, nicolae_hepliaklqana_hazy_memory,
          serial_bayou_pond_d, nrook_campfire, serial_park_tiny_2
D:8:      layout_cave_pools, nicolae_tso_besieged_by_evil,
          hangedman_tree_tricks, uniq_psyche
D:9:      dragon1_lemuel, layout_irregular_city, due_lair_maze_entry_diamond,
          david_orc_5, serial_shops, shop, enter_bailey_2, st_stairs_12,
          lemuel_blue_sif_altar, uniq_erolcha
D:10:     lemuel_ogre_cave, layout_layer_cave, uniq_erica, uniq_sonja
D:11:     layout_long_grid, uniq_urug, uniq_nergalle, uniq_snorg
D:12:     layout_basic, serial_shops, shop, shop, shop_fountains,
          lemuel_altar_in_water
D:13:     layout_roguey, erik_vaults_2
D:14:     layout_rooms, special_room [special_room_orc], chequers_arboretum
D:15:     hangedman_depths_entry_try_elsewhere_first, layout_rooms,
          serial_bayou_shore_a, minivault_16
Lair:1:   layout_loops_ring, basic_altar, cheibrodos_lair_reptile_den
Lair:2:   layout_chaotic_city, spider_nest_entry_webs, serial_bayou_lake_a
Lair:3:   layout_concentric_octagons, swamp_mist
Lair:4:   layout_gridlike
Lair:5:   layout_regular_city, serial_bayou_shore_b, grunt_megastairs_3,
          infiniplex_staircase_pool_2, lemuel_fruit_fields,
          minmay_lair_oklob_chamber
Lair:6:   minmay_lair_end_enchanted_forest, layout_regular_city,
          dpeg_slime_entry_corner, bobbens_ice_dragon_lair, lemuel_fruit_fields
Swamp:1:  layout_basic_swamp, serial_swamp_ruin, evilmike_swamp_ruin_rubble_1,
          evilmike_swamp_ruin_rubble_2, evilmike_swamp_ruin_house_3, uniq_kirke,
          uniq_roxanne
Swamp:2:  nicolae_swamp_ascending_descending_big, layout_falls_marsh,
          evilmike_swamp_ruin_house_2, swamp_pool1, st_shrine_of_shade
Swamp:3:  layout_basic_swamp, nicolae_swamp_some_circles, swamp_pool1,
          hangedman_swamp_double_dragon
Spider:1: cheibrodos_spider_silkery
Spider:2: mumra_spider_spiderweb, portal_ice_cave_entry_ice_statue_two
Spider:3: lemuel_spider_zombies
Spider:4: johnstein_spider_rune_arachne_lair
Orc:1:    layout_caves, amcnicky_altar_gilded
Orc:2:    st_orc_mages, layout_diamond_mine

Skill      XL: |  1  2  3  4  5  6  7  8  9 10 11 12 13 14 15 16 17 18 |
---------------+-------------------------------------------------------+-----
Dodging        | 2 |  2.9
Ice Magic      | 4 5 6 7 8 10 11 12 13 14 16 17 | 17.1
Invocations    | 1 2 4 6 7 10 11 13 15 17 19 21 22 | 22.0
Shields        | 1 2 3 4 |  4.0
Conjurations   | 1 2 3 4 6 7 |  7.7
Fighting       | 1 3 6 8 10 | 10.9
Armour         | 3 4 6 7 9 10 11 | 11.3
Spellcasting   | 4 5 6 |  6.4
Long Blades    | 2 4 6 7 8 9 |  9.3
Air Magic      | 3 5 |  5.1
Evocations     | 3 4 |  4.0
Stealth        | |  1.7

Action                   |  1- 3 |  4- 6 |  7- 9 | 10-12 | 13-15 | 16-18 || total
-------------------------+-------+-------+-------+-------+-------+-------++-------
Melee: Dagger            |     8 |    12 |       |       |       |       ||    20
       Kick              |     2 |     4 |       |    85 |   246 |   752 ||  1089
       Short sword       |       |    49 |   297 |   148 |       |       ||   494
       Falchion          |       |     1 |       |       |       |       ||     1
       Scimitar          |       |       |       |    98 |   364 |  1175 ||  1637
 Cast: Freeze            |    43 |    51 |     6 |     3 |       |       ||   103
       Frozen Ramparts   |       |    14 |    62 |    55 |    73 |   109 ||   313
       Hailstorm         |       |       |    23 |    51 |   137 |   174 ||   385
       Summon Ice Beast  |       |       |     4 |    18 |    12 |       ||    34
       Ozocubu's Armour  |       |       |       |     7 |    30 |     4 ||    41
       Ozocubu's Refrige |       |       |       |       |       |     1 ||     1
Invok: Slouch            |       |       |       |     1 |     3 |    14 ||    18
       Temporal Distorti |       |       |       |       |       |     1 ||     1
Evoke: Wand              |       |       |       |     5 |     5 |    27 ||    37
       Box of beasts     |       |       |       |       |       |     2 ||     2
       Condenser vane    |       |       |       |       |       |     1 ||     1
  Use: Scroll            |       |     5 |    10 |     2 |    12 |     7 ||    36
       Potion            |       |       |     2 |     2 |     3 |     6 ||    13
 Stab: Sleeping          |     1 |     3 |       |     6 |     7 |       ||    17
       Distracted        |       |       |       |     1 |       |     3 ||     4
       Petrified         |       |       |       |       |     4 |       ||     4
       Held in net/web   |       |       |       |       |       |     1 ||     1
Armor: Robe              |     6 |    38 |       |       |       |       ||    44
       Leather armour    |       |     2 |    63 |    59 |    65 |       ||   189
       Skin              |       |       |       |     3 |       |       ||     3
       Crystal plate arm |       |       |       |       |    32 |  1195 ||  1227
Dodge: Dodged            |    25 |    97 |   227 |   198 |   217 |   457 ||  1221
Block: Buckler           |       |       |    56 |   217 |   194 |   991 ||  1458
       Other             |       |       |     2 |       |       |       ||     2
       Reflection        |       |       |       |    58 |     7 |    23 ||    88
       Rpst.: Scimitar   |       |       |       |    24 |    57 |    75 ||   156

Table legend: (Time is in decaauts)
 A = Elapsed time spent in this place.
 B = Non-inter-level travel time spent in this place.
 C = Inter-level travel time spent in this place.
 D = Time resting spent in this place.
 E = Time spent auto-exploring this place.
 F = Levels seen in this place.
 G = Mean time per level.
                   A        B        C        D        E       F      G
               +--------+--------+--------+--------+--------+-----+--------+
         Total |  63442 |  57913 |   5529 |   6972 |  40279 |  33 | 1922.5 |
       Dungeon |  27605 |  24932 |   2673 |   2778 |  18632 |  15 | 1840.3 |
          Lair |  14043 |  12775 |   1268 |   1204 |   9557 |   6 | 2340.5 |
         Swamp |   4999 |   4712 |    287 |    499 |   3421 |   3 | 1666.3 |
   Spider Nest |   8861 |   7760 |   1101 |    974 |   4519 |   4 | 2215.2 |
  Orcish Mines |   2968 |   2769 |    199 |    121 |   2175 |   2 | 1484.0 |
       Ossuary |   1556 |   1556 |      0 |    218 |    786 |   1 | 1556.0 |
        Bailey |   1992 |   1992 |      0 |    918 |    497 |   1 | 1992.0 |
      Ice Cave |   1415 |   1415 |      0 |    257 |    689 |   1 | 1415.0 |
               +--------+--------+--------+--------+--------+-----+--------+

Top non-repeatable levels by time:
     D:9: 3800 daAuts
  Lair:2: 3390 daAuts
  Lair:6: 3036 daAuts
Spider:4: 2638 daAuts
Spider:2: 2607 daAuts
  Lair:1: 2284 daAuts
  Lair:5: 2140 daAuts
     D:7: 2009 daAuts
     D:8: 2001 daAuts
  Bailey: 1992 daAuts
    D:10: 1978 daAuts
  Lair:4: 1974 daAuts
Spider:3: 1952 daAuts
 Swamp:2: 1912 daAuts
    D:11: 1895 daAuts
